 Dungeon Crawl Stone Soup version 0.26-a0-739-gf55cbd344a (webtiles) character file.

Game seed: 9794219153463969226

1258 lunkers the Cutter (level 8, 0/57 HPs)
             Began as a Halfling Fighter on Nov 5, 2020.
             Was an Initiate of Gozag.
             Slain by a killer bee (3 damage)
             ... on level 7 of the Dungeon.
             The game lasted 00:08:26 (5480 turns).

lunkers the Cutter (Halfling Fighter)               Turns: 5480, Time: 00:08:27

Health: 0/57       AC: 13    Str: 19    XL:     8   Next: 81%
Magic:  8/8        EV:  7    Int:  6    God:    Gozag
Gold:   409        SH:  9    Dex: 14    Spells: 7/7 levels left

rFire    . . .     SeeInvis .   a - +0 rapier
rCold    . . .     Faith    .   c - +0 kite shield
rNeg     . . .     Spirit   .   h - +0 chain mail
rPois    .         Reflect  .   i - +2 helmet
rElec    .         Harm     .   (no cloak)
rCorr    .         Rampage  .   (no gloves)
MR       .....                  (no boots)
Stlth    ..........             v - amulet of the acrobat
HPRegen  0.19/turn              (no ring)
MPRegen  0.11/turn              (no ring)

@: gold aura
A: small, mutation resistance 1
a: Potion Petition, Call Merchant, Bribe Branch, Renounce Religion


You were on level 7 of the Dungeon.
You worshipped Gozag.
Gozag was aware of your devotion.
You visited 2 branches of the dungeon, and saw 7 of its levels.

You collected 475 gold pieces.
You paid 66 gold pieces to Gozag.

Inventory:

Hand Weapons
 a - a +0 rapier (weapon)
 j - a +0 dagger of protection
 w - a +0 dagger of holy wrath
Armour
 b - a +0 scale mail
 c - a +0 kite shield (worn)
 h - a +0 chain mail (worn)
 i - a +2 helmet (worn)
Jewellery
 v - an amulet of the acrobat (around neck)
Wands
 y - a wand of iceblast (6)
Scrolls
 e - 5 scrolls of teleportation {unknown}
 f - 2 scrolls of enchant armour {unknown}
 g - 2 scrolls of remove curse {unknown}
 k - 2 scrolls of immolation {unknown}
 m - 2 scrolls of enchant weapon {unknown}
 o - 3 scrolls of identify {unknown}
 p - 2 scrolls of blinking {unknown}
 q - a scroll of fog {unknown}
 t - 2 scrolls of fear {unknown}
Potions
 d - 3 potions of might
 l - 2 potions of curing
 n - a potion of cancellation {unknown}
 r - a potion of attraction {unknown}
 s - a potion of haste {unknown}
 u - 2 potions of degeneration {unknown}
 x - 2 potions of heal wounds {unknown}
 z - a potion of brilliance {unknown}


   Skills:
 + Level 5.9 Fighting
 + Level 7.3 Short Blades
 + Level 7.1 Armour
 - Level 3.2 Shields


You had 7 spell levels left.
You didn't know any spells.
Your spell library was empty.

Dungeon Overview and Level Annotations

Branches:
Dungeon (5/15)             Temple (1/1) D:4

Altars:
Ashenzari
Dithmenos
Elyvilon
Fedhas
Gozag
Hepliaklqana
Kikubaaqudgha
Makhleb
Nemelex Xobeh
Okawaru
Qazlal
Ru
Sif Muna
Trog
Uskayaw
Vehumet
Wu Jian
Xom
Yredelemnul
Zin
The Shining One

Shops:
D:5 ?


Innate Abilities, Weirdness & Mutations

You are small and have problems with some larger weapons.
You are somewhat resistant to further mutation.


Message History

The killer bee is no longer distracted by gold.
The killer bee is moderately wounded.
You block the killer bee's attack. The killer bee barely misses you.
The killer bee becomes distracted by the nearby gold, dreaming of imaginary riches.
The killer bee stings you.
* * * LOW HITPOINT WARNING * * *
You barely miss the killer bee.
The killer bee is no longer distracted by gold.
The killer bee buzzes angrily.
The killer bee is moderately wounded.
You block the killer bee's attack.
The killer bee stings you but does no damage. x2
You block the killer bee's attack.
You closely miss the killer bee.
The killer bee is moderately wounded.
The killer bee stings you.
* * * LOW HITPOINT WARNING * * *
You block the killer bee's attack. The killer bee stings you.
You die...
Your body crumbles into a pile of gold.

#.
.#.########
....#.....##
...........##
............#
............#
......$y....#
......y@....#
......$.....#
...........##
....#.....##
### #######


You could see 2 killer bees.

Vanquished Creatures
  A black bear (D:7)
  An ice beast (D:5)
  A centaur (D:5)
  A bullfrog (D:7)
  A scorpion (D:4)
  A killer bee (D:7)
  2 centaur skeletons
  2 hounds
  3 bullfrog skeletons
  Jessica (D:2)
  5 orc wizards
  An iguana (D:5)
  6 worker ants
  A worker ant zombie (D:3)
  A howler monkey skeleton (D:4)
  9 adders
  A shadow imp (D:5)
  2 white imps (D:5)
  An ufetubus (D:5)
  2 oozes
  An adder zombie (D:5)
  6 worms
  3 dart slugs
  4 leopard geckos
  17 orcs
  9 giant cockroaches
  6 goblins
  13 hobgoblins
  10 jackals
  A quokka (D:2)
  10 bats
  3 frilled lizards (D:1)
  10 kobolds
  A leopard gecko skeleton (D:5)
  14 rats
151 creatures vanquished.

Notes
Turn   | Place    | Note
-------+----------+-------------------------------------------
     0 | D:1      | lunkers the Halfling Fighter began the quest for the Orb.
     0 | D:1      | Reached XP level 1. HP: 15/15 MP: 1/1
   199 | D:1      | Reached XP level 2. HP: 20/20 MP: 2/2
   391 | D:1      | Reached XP level 3. HP: 26/26 MP: 3/3
   666 | D:2      | Reached XP level 4. HP: 23/31 MP: 4/4
   776 | D:2      | Noticed Jessica
   786 | D:2      | Killed Jessica
  1356 | D:2      | Reached XP level 5. HP: 28/36 MP: 5/5
  2509 | D:3      | Reached XP level 6. HP: 34/43 MP: 6/6
  2809 | D:4      | Reached skill level 5 in Armour
  3193 | D:4      | Reached skill level 5 in Short Blades
  3325 | D:4      | Reached XP level 7. HP: 48/49 MP: 7/7
  3636 | D:4      | Found a staircase to the Ecumenical Temple.
  3712 | Temple   | Entered the Ecumenical Temple
  4063 | Temple   | Became a worshipper of Gozag Ym Sagoz the Greedy
  4289 | D:5      | Entered Level 5 of the Dungeon
  4312 | D:5      | Reached skill level 5 in Fighting
  4392 | D:5      | Found Isiqar's Magic Scroll Emporium.
  4501 | D:5      | Reached XP level 8. HP: 51/55 MP: 8/8
  5442 | D:5      | You fall into a shaft and drop 2 floors!
  5476 | D:7      | HP: 1/57 [killer bee (3)]
  5480 | D:7      | Slain by a killer bee

Illustrated notes

Levels and vault maps discovered:
D:1:      dpeg_arrival_refuge, layout_basic
D:2:      layout_basic, minmay_split_cup_large, uniq_jessica
D:3:      layout_basic, st_stairs_14, kennysheep_generic_room_8
D:4:      layout_basic, minmay_temple_entry_trees
D:5:      layout_basic, serial_shops, shop
D:7:      minmay_chambers_of_fours, layout_rooms, cheibrodos_worm_habitat
Temple:   minmay_crystal_snake_temple

Skill      XL: |  1  2  3  4  5  6  7  8 |
---------------+-------------------------+-----
Fighting       | 3 4 5 |  5.9
Short Blades   | 3 4 5 6 7 |  7.3
Armour         | 4 5 6 7 |  7.1
Shields        | |  3.2

Action                   |  1- 3 |  4- 6 |  7- 9 || total
-------------------------+-------+-------+-------++-------
Melee: Rapier            |   127 |   319 |   304 ||   750
  Use: Potion            |       |     2 |     3 ||     5
 Stab: Distracted        |       |       |     1 ||     1
Armor: Scale mail        |     9 |       |       ||     9
       Chain mail        |   114 |   174 |   189 ||   477
Dodge: Dodged            |    64 |    68 |   108 ||   240
Block: Kite shield       |    92 |   164 |   164 ||   420

Table legend: (Time is in decaauts)
 A = Elapsed time spent in this place.
 B = Non-inter-level travel time spent in this place.
 C = Inter-level travel time spent in this place.
 D = Time resting spent in this place.
 E = Time spent auto-exploring this place.
 F = Levels seen in this place.
 G = Mean time per level.
                   A        B        C        D        E       F      G
               +--------+--------+--------+--------+--------+-----+--------+
         Total |   5520 |   5417 |    103 |    214 |   3990 |   7 |  788.6 |
       Dungeon |   5138 |   5075 |     63 |    214 |   3655 |   6 |  856.3 |
        Temple |    381 |    341 |     40 |      0 |    335 |   1 |  381.0 |
               +--------+--------+--------+--------+--------+-----+--------+

Top non-repeatable levels by time:
     D:2: 1397 daAuts
     D:4: 1233 daAuts
     D:5: 1149 daAuts
     D:3: 701 daAuts
     D:1: 621 daAuts
  Temple: 381 daAuts
     D:7: 34 daAuts
